 Dungeon Crawl Stone Soup version 0.29.0-4-gdea44cf6ec (webtiles) character file.

Game seed: 1341231346368267459

102 qw the Chopper (level 4, -2/35 HPs)
             Began as a Demonspawn Cinder Acolyte on Sept 9, 2022.
             Was a High Priest of Ignis.
             Killed from afar by Sigmund (3 damage)
             ... with a puff of flame
             ... on level 3 of the Dungeon.
             The game lasted 00:00:58 (3153 turns).

qw the Chopper (Demonspawn Cinder Acolyte)          Turns: 3153, Time: 00:00:58

Health: -2/35      AC:  9    Str: 17    XL:     4   Next: 49%
Magic:  5/5        EV:  9    Int: 15    God:    Ignis [*****.]
Gold:   124        SH:  7    Dex:  8    Spells: 5/5 levels left

rFire   + . .      SeeInvis .   m - +0 war axe
rCold   . . .      Faith    .   l - +0 kite shield
rNeg    . . .      Spirit   .   g - +0 leather armour
rPois   .          Reflect  .   (no helmet)
rElec   .          Harm     .   (no cloak)
rCorr   .          Rampage  .   (no gloves)
Will    .....                   (no boots)
Stlth   +.........              (no amulet)
HPRegen 0.11/turn               (no ring)
MPRegen 0.09/turn               (no ring)

@: sanguine armoured
A: sanguine armour 1
a: Renounce Religion, Fiery Armour, Foxfire Swarm, Rising Flame


You were on level 3 of the Dungeon.
You worshipped Ignis.
Ignis was extremely pleased with you.
You visited 1 branch of the dungeon, and saw 3 of its levels.

You collected 124 gold pieces.


Innate Abilities, Weirdness & Mutations

When seriously injured, your blood forms armour. (AC +6)


   Skills:
 - Level 3.0 Fighting
 - Level 4.0 Axes
 - Level 1.0 Dodging
 + Level 2.0 Shields
 - Level 1.0 Spellcasting
 - Level 2.6 Fire Magic


You had 5 spell levels left.
You didn't know any spells.
Your spell library contained the following spells:

 Spells                   Type           Power      Damage    Failure   Level
 Scorch                   Fire           16%        2d6       45%         2

Inventory:

Hand Weapons
 a - a +0 hand axe of flaming
 m - a +0 war axe (weapon)
Armour
 c - a +0 ring mail
 g - a +0 leather armour (worn)
 l - a +0 kite shield (worn)
Scrolls
 d - a scroll of identify
 h - a scroll of enchant armour
Potions
 b - a potion of degeneration {unknown}
 e - a potion of ambrosia {unknown}
 f - 2 potions of heal wounds {unknown}
 j - a potion of attraction {unknown}
 k - a potion of might {unknown}

Dungeon Overview and Level Annotations

Branches:
Dungeon (3/15)

Altars:

Annotations:
D:3 Sigmund


Message History

Sigmund attacks as you move away! Sigmund barely misses you.
Sigmund casts a spell.
Sigmund flickers and vanishes!
Deactivating autopickup; reactivate with Ctrl-A.
You see here a worm corpse.
You're too confused to attack without stumbling around!
There is a strange disturbance nearby!
Something hits you.
You're too confused to attack without stumbling around!
There is a strange disturbance nearby!
You're too confused to attack without stumbling around!
There is a strange disturbance nearby!
You hear some strange, mumbled words.
A puff of flame appears from out of thin air!
The puff of flame hits you. You resist.
Your blood congeals into armour.
You're too confused to attack without stumbling around!
There is a strange disturbance nearby!
Something hits you!
You're too confused to attack without stumbling around!
There is a strange disturbance nearby!
Something hits you.
You're too confused to attack without stumbling around!
There is a strange disturbance nearby!
You're too confused to attack without stumbling around!
There is a strange disturbance nearby!
You feel less confused.
You hear some strange, mumbled words.
A puff of flame appears from out of thin air!
The puff of flame misses you. The puff of flame hits you. You resist.
You swing at nothing.
You block something's attack.
You swing at nothing.
You hear some strange, mumbled words.
Something tries to affect you, but you resist.
Something hits you.
You swing at nothing.
You hear some strange, mumbled words.
A puff of flame appears from out of thin air!
The puff of flame hits you. You resist.
You die...

#...## ....... # #........
#...##.........###........
.....#.#.#.#.#.#.#........
#...#.#.#.#.#.#.#.........
.....#.#.#.#.#.#.#........
#%#.#.#.#.#.#.#.#.........
.#.#.#.....#.#.#.#.#######
#.#)#)......#.#.#.........
.#.#.#.....#.#.#@.{.......
#.#.#.#.#.#.#.#.#.........
.#.#.#.#.#.#.#.#..........
#.#.#.#.#.#.#.#.#.........
)#.#.#.#.#.#.#.#.#.#######
#.#.#.#.#.#.#.#.#.##
.#.#.#.#.#.#.#.#.#.#
#.#.#.#.#.#.#.#. ##
.#.#.#.#.#.#.#.


There were no monsters in sight!

Vanquished Creatures
  An orc priest (D:3)
  An adder (D:2)
  2 worms
  5 orcs
  3 endoplasms
  4 giant cockroaches
  4 goblins
  5 hobgoblins
  4 jackals (D:3)
  4 quokkas
  5 ball pythons
  3 bats
  2 frilled lizards (D:1)
  3 kobolds
  4 rats
50 creatures vanquished.

Notes
Turn   | Place    | Note
-------+----------+-------------------------------------------
     0 | D:1      | qw the Demonspawn Cinder Acolyte began the quest for the
                  | Orb.
     0 | D:1      | Reached XP level 1. HP: 18/18 MP: 2/2
     0 | D:1      | 0 ||| qw: Version: 0.1-a-113-g051387a
     0 | D:1      | 0 ||| qw: Game counter: 6981
     0 | D:1      | 0 ||| qw: Always use a shield: true
     0 | D:1      | 0 ||| qw: God list: Okawaru
     0 | D:1      | 0 ||| qw: Allow faded altars: false
     0 | D:1      | 0 ||| qw: Do Orc after D:15 true
     0 | D:1      | 0 ||| qw: Do second Lair branch before Depths: true
     0 | D:1      | 0 ||| qw: Lair rune preference: random
     0 | D:1      | 0 ||| qw: Plans: Normal
     0 | D:1      | 0 ||| PLANNING D:1-11
   254 | D:1      | Reached skill level 3 in Axes
   262 | D:1      | 262 ||| Stepping ~*~*~tactically~*~*~ (stealth).
   264 | D:1      | 264 ||| Stepping ~*~*~tactically~*~*~ (stealth).
   277 | D:1      | 277 ||| Stepping ~*~*~tactically~*~*~ (stealth).
   595 | D:1      | Gained mutation: When seriously injured, your blood forms
                  | armour. (AC +6) [demonic ancestry]
   595 | D:1      | Reached XP level 2. HP: 19/24 MP: 3/3
   657 | D:1      | 657 ||| Stepping ~*~*~tactically~*~*~ (stealth).
  1263 | D:1      | Found a faded altar of an unknown god.
  1472 | D:1      | 1472 ||| UPGRADING to +0 leather armour.
  1482 | D:1      | 1482 ||| DROPPING +0 robe.
  1483 | D:1      | 1483 ||| READING scroll labelled FOQAMO WAEDATZ.
  1484 | D:1      | 1484 ||| READING scroll labelled SUCRIH ENALU.
  1485 | D:1      | 1485 ||| READING scroll labelled HUR WIUMAUPSUI.
  1486 | D:1      | 1486 ||| READING scroll labelled KAOWNUSMACOM.
  1487 | D:1      | 1487 ||| READING scroll labelled MAZODU XIANT.
  1488 | D:1      | 1488 ||| READING scroll labelled NODDOE UWKA.
  1489 | D:1      | 1489 ||| READING 3 scrolls labelled YHOUCSUGAN.
  1490 | D:1      | 1490 ||| DROPPING 2 scrolls of magic mapping.
  1693 | D:2      | 1693 ||| Stepping ~*~*~tactically~*~*~ (stealth).
  1711 | D:2      | Reached XP level 3. HP: 16/29 MP: 4/4
  1917 | D:2      | Identified the +5 hand axe of Summer {vorpal, Str+4}
  1919 | D:2      | 1919 ||| SWAPPING to +5 hand axe of Summer {vorpal, Str+4}.
  1928 | D:2      | 1928 ||| Stepping ~*~*~tactically~*~*~ (stealth).
  1929 | D:2      | 1929 ||| Stepping ~*~*~tactically~*~*~ (stealth).
  2012 | D:2      | Reached skill level 4 in Axes
  2015 | D:2      | 2015 ||| Stepping ~*~*~tactically~*~*~ (stealth).
  2016 | D:2      | 2016 ||| Stepping ~*~*~tactically~*~*~ (stealth).
  2281 | D:2      | Reached skill level 1 in Dodging
  2764 | D:2      | 2764 ||| UPGRADING to +0 kite shield.
  2769 | D:2      | 2769 ||| READING scroll labelled YKICANIGRA.
  2774 | D:2      | 2774 ||| READING scroll labelled PIESIG ROECAE.
  2775 | D:2      | 2775 ||| DRINKING 2 red potions.
  2810 | D:3      | 2810 ||| STAIRDANCE
  2872 | D:3      | 2872 ||| Stepping ~*~*~tactically~*~*~ (stealth).
  2874 | D:3      | 2874 ||| Stepping ~*~*~tactically~*~*~ (stealth).
  2876 | D:3      | 2876 ||| Stepping ~*~*~tactically~*~*~ (stealth).
  2877 | D:3      | 2877 ||| Stepping ~*~*~tactically~*~*~ (stealth).
  2890 | D:3      | 2890 ||| Stepping ~*~*~tactically~*~*~ (hiding).
  2891 | D:3      | 2891 ||| SWAPPING to +0 war axe.
  2893 | D:3      | 2893 ||| Stepping ~*~*~tactically~*~*~ (hiding).
  2895 | D:3      | 2895 ||| Stepping ~*~*~tactically~*~*~ (hiding).
  2902 | D:3      | Reached skill level 1 in Shields
  2902 | D:3      | Reached XP level 4. HP: 23/35 MP: 5/5
  2912 | D:3      | 2912 ||| Stepping ~*~*~tactically~*~*~ (stealth).
  2913 | D:3      | 2913 ||| Stepping ~*~*~tactically~*~*~ (stealth).
  2916 | D:3      | 2916 ||| Stepping ~*~*~tactically~*~*~ (stealth).
  2917 | D:3      | 2917 ||| Stepping ~*~*~tactically~*~*~ (stealth).
  2928 | D:3      | 2928 ||| Stepping ~*~*~tactically~*~*~ (stealth).
  2929 | D:3      | 2929 ||| Stepping ~*~*~tactically~*~*~ (stealth).
  3003 | D:3      | 3003 ||| DROPPING +5 hand axe of Summer {vorpal, Str+4}.
  3117 | D:3      | Noticed Sigmund
  3118 | D:3      | 3118 ||| Stepping ~*~*~tactically~*~*~ (hiding).
  3130 | D:3      | 3130 ||| DRINKING potion of curing.
  3130 | D:3      | 3130 ||| (to cure confusion)
  3150 | D:3      | HP: 7/35 [something/puff of flame (6)]
  3152 | D:3      | HP: 1/35 [something (6)]
  3153 | D:3      | Killed from afar by Sigmund

Levels and vault maps discovered:
D:1:      lightli_arrival_chessboard, layout_loops_corners,
          dilly_ecumenical_altar_fadedgnrine
D:2:      layout_basic
D:3:      layout_basic, uniq_sigmund

Skill      XL: |  1  2  3  4 |
---------------+-------------+-----
Axes           | 3 4 |  4.0
Dodging        | 1 |  1.0
Shields        | 1 2 |  2.0
Fighting       | |  3.0
Spellcasting   | |  1.0
Fire Magic     | |  2.6

Action                   |  1- 3 |  4- 6 || total
-------------------------+-------+-------++-------
Melee: Hand axe          |   144 |       ||   144
       Punch             |     2 |       ||     2
       War axe           |     6 |    21 ||    27
  Use: Scroll            |     9 |       ||     9
       Potion            |     1 |     1 ||     2
Armor: Robe              |    16 |       ||    16
       Leather armour    |    11 |     1 ||    12
Dodge: Dodged            |    76 |    10 ||    86
Block: Kite shield       |    10 |     5 ||    15

Table legend:
 A = Non-vault XP
 B = Vault XP
 C = Vault XP percentage of total XP
 D = Non-vault monster count
 E = Vault monster count
 F = Vault count percentage of total count
                 A         B        C        D         E       F
            +---------+---------+-------+---------+---------+-------
      Total |     146 |       0 |   0.0 |      50 |       0 |   0.0
            +---------+---------+-------+---------+---------+-------
        D:1 |      33 |       0 |   0.0 |      21 |       0 |   0.0
        D:2 |      46 |       0 |   0.0 |      18 |       0 |   0.0
        D:3 |      67 |       0 |   0.0 |      11 |       0 |   0.0
            +---------+---------+-------+---------+---------+-------
